 Dungeon Crawl Stone Soup version 0.29.1-1-gd02db6906a (webtiles) character file.

Game seed: 3312227817678907417

704 RKaid the Skirmisher (level 7, 0/46 HPs)
             Began as a Deep Elf Hunter on Sept 18, 2022.
             Succumbed to Dowan's poison
             ... on level 4 of the Dungeon.
             The game lasted 00:07:21 (3885 turns).

RKaid the Skirmisher (Deep Elf Hunter)              Turns: 3885, Time: 00:07:21

Health: 0/46       AC:  7    Str:  5 (8)  XL:     7   Next: 39%
Magic:  9/9        EV: 16    Int: 12 (14) God:
Gold:   201        SH:  0    Dex: 19 (20) Spells: 6/6 levels left

rFire   . . .      SeeInvis .   a - +0 shortbow
rCold   . . .      Faith    .   (shield currently unavailable)
rNeg    . . .      Spirit   .   t - +0 leather armour
rPois   .          Reflect  .   l - +2 helmet
rElec   .          Harm     .   (no cloak)
rCorr   .          Rampage  .   (no gloves)
Will    .....                   p - +0 pair of boots
Stlth   ++........              (no amulet)
HPRegen 0.15/turn               (no ring)
MPRegen 0.11/turn               (no ring)

@: lethally poisoned (0 -> -1)
A: claws 1, fangs 1
a: no special abilities


You were on level 4 of the Dungeon.
You visited 1 branch of the dungeon, and saw 4 of its levels.

You collected 201 gold pieces.

Inventory:

Hand Weapons
 a - a +0 shortbow (weapon)
 b - a +1 sling of flaming
   (You found it on level 3 of the Dungeon)
 x - the +9 spear of Context {vorpal, Str+4 Dex+3}
   (You found it on level 4 of the Dungeon)

   It inflicts extra damage upon your enemies.
   Str:       It affects your strength (+4).
   Dex:       It affects your dexterity (+3).
Missiles
 i - 4 throwing nets {=f}
Armour
 l - a +2 helmet (worn)
   (You found it on level 2 of the Dungeon)
 p - a +0 pair of boots (worn)
   (You found it on level 1 of the Dungeon)
 t - a +0 leather armour (worn)
Jewellery
 m - an amulet of faith {Faith, !P}
   (You found it on level 2 of the Dungeon)
Scrolls
 d - 4 scrolls of identify {unknown}
 o - a scroll of torment {unknown}
 q - a scroll of butterflies {unknown}
 r - a scroll of magic mapping {!r}
 s - a scroll of blinking {unknown}
 v - 2 scrolls of immolation {!r}
Potions
 e - a potion of degeneration {!q}
 f - a potion of flight
 g - a potion of lignification {!q}
 j - a potion of ambrosia {unknown}
 n - a potion of haste {unknown}
 w - a potion of attraction {unknown}


   Skills:
 + Level 6.0 Fighting
 * Level 13.8 Ranged Weapons
 + Level 8.7 Dodging
 - Level 1.3 Stealth


You had 6 spell levels left.
You didn't know any spells.
Your spell library contained the following spells:

 Spells                   Type           Power      Damage    Failure   Level
 Apportation              Tloc           0%         N/A       50%         1
 Necrotise                Necr           0%         1d4       50%         1
 Slow                     Hex            0%         N/A       50%         1
 Summon Small Mammal      Summ           0%         N/A       50%         1
 Confusing Touch          Hex            0%         N/A       86%         3
 Gell's Gravitas          Tloc           0%         N/A       86%         3
 Teleport Other           Tloc           0%         N/A       86%         3
 Vampiric Draining        Necr           0%         2d6       86%         3
 Dispersal                Tloc           0%         N/A       100%        6


Dungeon Overview and Level Annotations

Branches:
Dungeon (4/15)
 Temple: D:4-7

Altars:
Dithmenos
Makhleb
Vehumet

Shops:
D:2 (   D:3 (

Annotations:
D:4 Duvessa


Innate Abilities, Weirdness & Mutations

You have sharp fingernails.
You have very sharp teeth.


Message History

You are outlined in light.
Fire: a) +0 shortbow
Press: ? - help, Q - select action Shift-Dir - straight line, f/p - Dowan
Aim: Dowan, wielding a +1 dagger of venom and wearing a +0 robe (moderately wounded, 58% to hit)
You shoot an arrow. The arrow hits Dowan!
Dowan hits you but does no damage.
You are poisoned.
It was a potion of flight.
You feel very buoyant.
You fly up into the air.
You feel very sick. Dowan barely misses you.
It was a potion of degeneration.
There was something very wrong with that liquid.
You feel weakened.
You feel dopey.
You feel clumsy.
You feel sick. Dowan hits you but does no damage.
You are lethally poisoned!
It was a potion of curing.
You feel better.
c - a potion of curing;
t - a +0 leather armour (worn)
Dowan hits you but does no damage.
You are poisoned.
Fire: a) +0 shortbow
Press: ? - help, Q - select action Shift-Dir - straight line, f/p - Dowan
Aim: Dowan, wielding a +1 dagger of venom and wearing a +0 robe (heavily wounded, 57% to hit)
You shoot an arrow. The arrow closely misses Dowan.
You feel very sick. Dowan hits you but does no damage.
You are more poisoned.
Fire: a) +0 shortbow
Press: ? - help, Q - select action Shift-Dir - straight line, f/p - Dowan
Aim: Dowan, wielding a +1 dagger of venom and wearing a +0 robe (heavily wounded, 57% to hit)
You shoot an arrow. The arrow closely misses Dowan.
You feel very sick. Dowan barely misses you. Dowan hits you but does no damage.
Fire: a) +0 shortbow
Press: ? - help, Q - select action Shift-Dir - straight line, f/p - Dowan
Aim: Dowan, wielding a +1 dagger of venom and wearing a +0 robe (heavily wounded, 57% to hit)
You shoot an arrow. The arrow hits Dowan.
You feel very sick.
Dowan points at you and mumbles some strange words.
The puff of frost hits you!
* * * LOW HITPOINT WARNING * * *
Fire: a) +0 shortbow
Press: ? - help, Q - select action Shift-Dir - straight line, f/p - Dowan
Aim: Dowan, wielding a +1 dagger of venom and wearing a +0 robe (heavily wounded, 57% to hit)
You shoot an arrow.
The arrow hits Dowan but does no damage.
* * * LOW HITPOINT WARNING * * *
You feel sick. Dowan closely misses you.
You feel better.
Dowan hits you with a +1 dagger of venom.
* * * LOW HITPOINT WARNING * * *
You are lethally poisoned!
It was a potion of lignification.
You turn into a tree.
Your +2 helmet melds into your body.
Your +0 pair of boots melds into your body.
Your +0 leather armour melds into your body.
Your roots penetrate the ground.
* * * LOW HITPOINT WARNING * * *
You feel sick. Dowan hits you but does no damage.
Fire: a) +0 shortbow
Press: ? - help, Q - select action Shift-Dir - straight line, f/p - Dowan
Aim: Dowan, wielding a +1 dagger of venom and wearing a +0 robe (heavily wounded, 57% to hit)
You shoot an arrow. The arrow hits Dowan.
* * * LOW HITPOINT WARNING * * *
You feel sick. Dowan hits you but does no damage.
Fire: a) +0 shortbow
Press: ? - help, Q - select action Shift-Dir - straight line, f/p - Dowan
Aim: Dowan, wielding a +1 dagger of venom and wearing a +0 robe (severely wounded, 57% to hit)
You shoot an arrow. The arrow hits Dowan!
You kill Dowan!
You hear a distant scream of rage.
* * * LOW HITPOINT WARNING * * *
You feel sick.
Fire: a) +0 shortbow
Press: ? - help, Q - select action Shift-Dir - straight line, f - you Really target yourself?
Okay, then.
There is a lethal amount of poison in your body!
It was a potion of mutation.
You feel extremely strange.
Your teeth lengthen and sharpen.
Your fingernails lengthen.
* * * LOW HITPOINT WARNING * * *
You feel sick.
It was a potion of cancellation.
Your magical effects are unravelling.
You feel magically purged.
You feel less wooden.
Your +2 helmet unmelds from your body.
Your +0 pair of boots unmelds from your body.
Your +0 leather armour unmelds from your body.
You are no longer glowing.
* * * LOW HITPOINT WARNING * * *
You feel sick.
It was a potion of experience.
You feel more experienced!
Your Fighting skill gained 3 levels and is now at level 6!
Your Ranged Weapons skill gained 5 levels and is now at level 13!
Your Dodging skill gained 4 levels and is now at level 8!
You have reached level 7!
You die...

.........+.....e<................
.#......##.....###.#.#..#####.#.#
.#......##..............#####.#.#
##......##....................#.#
##.######...............###..#.#
#*#.#* #.....###.#.#........#.#
..$..* ###.....# #.#.#.#..#...#.#
.....###......####.#..........#.#
..............')@..#########..#.#
...#####.......#####..........#,,
...* #.........###.########.#,*
...* #..........##.########.#,*
,,,* #.....###...#.#...)....###
,,,* ###..##.##..#.#.####......
,,,* ***##.#._.#.##.#.# #..#####
**** *,,,#.......##.#.###.##
***,,,##.....###.#.##..#


There were no monsters in sight!

Vanquished Creatures
  Dowan (D:4)
  3 hounds (D:4)
  An orc priest (D:3)
  4 gnolls (D:2)
  5 adders
  2 worms
  3 dart slugs (D:2)
  11 orcs
  8 ball pythons
  10 endoplasms
  2 giant cockroaches (D:2)
  8 goblins
  9 hobgoblins
  9 kobolds
  2 quokkas
  10 bats
  A frilled lizard (D:1)
  3 rats
  A spectral kobold (D:3)
93 creatures vanquished.

Notes
Turn   | Place    | Note
-------+----------+-------------------------------------------
     0 | D:1      | RKaid the Deep Elf Hunter began the quest for the Orb.
     0 | D:1      | Reached XP level 1. HP: 12/12 MP: 3/3
   335 | D:1      | Reached XP level 2. HP: 17/17 MP: 4/4
  1057 | D:1      | Reached skill level 2 in Fighting
  1057 | D:1      | Reached skill level 6 in Ranged Weapons
  1065 | D:1      | Reached XP level 3. HP: 18/21 MP: 5/5
  1073 | D:1      | Reached skill level 3 in Dodging
  1495 | D:2      | Reached XP level 4. HP: 26/26 MP: 6/6
  1764 | D:2      | Found Qyptueggi's Antique Weapon Emporium.
  2241 | D:3      | Reached skill level 7 in Ranged Weapons
  2241 | D:3      | Reached XP level 5. HP: 29/31 MP: 7/7
  2305 | D:3      | Found a radiant altar of Vehumet.
  2523 | D:3      | Found Egauk's Antique Weapon Emporium.
  2751 | D:3      | Found a faded altar of an unknown god.
  2890 | D:4      | Noticed an ogre
  2982 | D:4      | Reached skill level 4 in Dodging
  3149 | D:4      | Noticed Dowan
  3149 | D:4      | Noticed Duvessa
  3166 | D:4      | HP: 1/32 [Duvessa/+2 short sword of protection (11)]
  3364 | D:4      | Reached XP level 6. HP: 20/36 MP: 8/8
  3376 | D:4      | Reached skill level 3 in Fighting
  3415 | D:4      | Reached skill level 8 in Ranged Weapons
  3507 | D:4      | Found a burning altar of Makhleb.
  3847 | D:4      | Found a shadowy altar of Dithmenos.
  3851 | D:4      | Identified the +9 spear of Context {vorpal, Str+4 Dex+3}
  3877 | D:4      | HP: 4/37 [Dowan/puff of frost (8)]
  3882 | D:4      | Killed Dowan
  3882 | D:4      | HP: 4/55 [poisoned by Dowan]
  3883 | D:4      | Gained mutation: You have very sharp teeth. [potion of
                  | mutation]
  3883 | D:4      | Gained mutation: You have sharp fingernails. [potion of
                  | mutation]
  3884 | D:4      | HP: 1/37 [poisoned by Dowan]
  3885 | D:4      | Reached skill level 6 in Fighting
  3885 | D:4      | Reached skill level 13 in Ranged Weapons
  3885 | D:4      | Reached skill level 8 in Dodging
  3885 | D:4      | Reached XP level 7. HP: 1/46 MP: 9/9
  3885 | D:4      | Succumbed to Dowan's poison

Illustrated notes

Levels and vault maps discovered:
D:1:      ebering_hopf_link, layout_basic, st_stairs_3, serial_bayou_pond_a,
          minmay_misc_feat_pillars
D:2:      layout_loops_ring, serial_shops, nicolae_shop_crystal,
          minmay_misc_feat_alley, minmay_pentomino_x4
D:3:      layout_loops_cross, mainiacjoe_overflow_brackets, serial_shops,
          nicolae_diamond_shop, dreamdust_ecumenical_altar_drowned_temple
D:4:      layout_basic, nicolae_dithmenos_through_a_glass_darkly, serial_shops,
          shop_fountains, grunt_decor_resistance, minmay_ruined_shrine,
          uniq_duvessa, uniq_crazy_yiuf_cottage

Skill      XL: |  1  2  3  4  5  6 |
---------------+-------------------+-----
Fighting       | 2 6 |  6.0
Ranged Weapons | 6 7 13 | 13.8
Dodging        | 3 4 8 |  8.7
Stealth        | |  1.3

Action                   |  1- 3 |  4- 6 |  7- 9 || total
-------------------------+-------+-------+-------++-------
 Fire: Shortbow          |   101 |   170 |       ||   271
       Sling             |       |    28 |       ||    28
  Use: Scroll            |       |     2 |       ||     2
       Potion            |       |     9 |       ||     9
Armor: Leather armour    |    21 |    33 |       ||    54
       Skin              |       |     2 |       ||     2
Dodge: Dodged            |    38 |    63 |       ||   101

Table legend: (Time is in decaauts)
 A = Elapsed time spent in this place.
 B = Non-inter-level travel time spent in this place.
 C = Inter-level travel time spent in this place.
 D = Time resting spent in this place.
 E = Time spent auto-exploring this place.
 F = Levels seen in this place.
 G = Mean time per level.
                   A        B        C        D        E       F      G
               +--------+--------+--------+--------+--------+-----+--------+
         Total |   3962 |   3713 |    249 |    419 |   2544 |   4 |  990.5 |
       Dungeon |   3962 |   3713 |    249 |    419 |   2544 |   4 |  990.5 |
               +--------+--------+--------+--------+--------+-----+--------+

Top non-repeatable levels by time:
     D:1: 1270 daAuts
     D:2: 977 daAuts
     D:4: 863 daAuts
     D:3: 851 daAuts

Table legend:
 A = Kills in this place as a percentage of kills in entire the game.
 B = Kills by you in this place as a percentage of kills by you in the entire game.
 C = Kills by friends in this place as a percentage of kills by friends in the entire game.
 D = Other kills in this place as a percentage of other kills in the entire game.
 E = Experience gained in this place as a percentage of experience gained in the entire game.
 F = Experience gained in this place divided by the number of levels of this place that you have seen.
                   A       B       C       D       E      F
               +-------+-------+-------+-------+-------+----------------------
         Total | 100.0 | 100.0 |   N/A |   N/A | 100.0 | 130.0
       Dungeon | 100.0 | 100.0 |   N/A |   N/A | 100.0 | 130.0
               +-------+-------+-------+-------+-------+----------------------
